 Dungeon Crawl Stone Soup version 0.28.0-62-gf88900778d (webtiles) character file.

Game seed: 17859930735801687356

426 cbfl8 the Covert (level 7, -7/40 HPs)
             Began as a Kobold Brigand on June 24, 2023.
             Was a Follower of Zin.
             Mangled by a wyvern zombie (8 damage)
             ... on level 4 of the Dungeon.
             The game lasted 00:05:49 (4680 turns).

cbfl8 the Covert (Kobold Brigand)                   Turns: 4680, Time: 00:05:50

Health: -7/40      AC:  6    Str: 10    XL:     7   Next: 18%
Magic:  7/7        EV: 14    Int: 13    God:    Zin [*.....]
Gold:   158        SH:  0    Dex: 16    Spells: 6/6 levels left

rFire   + . .      SeeInvis .   a - +2 dagger
rCold   . . .      Faith    .   (no shield)
rNeg    . . .      Spirit   .   t - +0 leather armour
rPois   .          Reflect  .   (no helmet)
rElec   .          Harm     .   c - +0 cloak
rCorr   .          Rampage  .   w - +1 pair of gloves
Will    .....                   (no boots)
Stlth   +++++.....              (no amulet)
HPRegen 0.13/turn               g - +4 ring of slaying
MPRegen 0.10/turn               r - ring of protection from fire

@: no status effects
A: small, no large weapons, nightstalker 3
a: Renounce Religion, Recite, Donate Gold


You were on level 4 of the Dungeon.
You worshipped Zin.
Zin was aware of your devotion.
You visited 1 branch of the dungeon, and saw 4 of its levels.

You collected 175 gold pieces.
You donated 17 gold pieces to Zin.

Inventory:

Hand Weapons
 a - a +2 dagger (weapon)
 o - a +0 short sword
Missiles
 d - 8 poisoned darts (quivered)
 e - 2 curare-tipped darts
 s - 6 atropa-tipped darts
Armour
 c - a +0 cloak (worn)
 t - a +0 leather armour (worn)
 w - a +1 pair of gloves (worn)
Jewellery
 g - a +4 ring of slaying (left hand)
 r - a ring of protection from fire (right hand)
Scrolls
 f - a scroll of amnesia {unknown}
 h - a scroll of enchant armour {unknown}
 i - 2 scrolls of teleportation {unknown}
 l - 6 scrolls of identify {unknown}
 n - 2 scrolls of noise {unknown}
 p - a scroll of magic mapping {unknown}
 q - a scroll of fear {unknown}
Potions
 b - a potion of attraction {unknown}
 j - a potion of ambrosia {unknown}
 k - 4 potions of flight {unknown}
 m - 3 potions of berserk rage {unknown}
 u - 2 potions of heal wounds {unknown}


   Skills:
 + Level 2.7 Fighting
 + Level 4.0 Short Blades
 + Level 2.2 Throwing
 + Level 0.1 Armour
 + Level 2.2 Dodging
 * Level 9.6 Stealth
 * Level 2.4 Evocations


You had 6 spell levels left.
You didn't know any spells.
Your spell library contained the following spells:

 Spells                   Type           Power      Damage    Failure   Level
 Corpse Rot               Necr/Air       0%         N/A       54%         2
 Ensorcelled Hibernation  Hex/Ice        0%         N/A       54%         2
 Passwall                 Tmut/Erth      0%         N/A       54%         2
 Poisonous Vapours        Pois/Air       0%         N/A       54%         2
 Confusing Touch          Hex            0%         N/A       77%         3
 Swiftness                Air            0%         N/A       77%         3
 Yara's Violent Unravell  Hex/Tmut       0%         3d3       100%        5
 Enfeeble                 Hex            0%         N/A       100%        7


Dungeon Overview and Level Annotations

Branches:
Dungeon (4/15)
 Temple: D:4-7

Altars:
Nemelex Xobeh
Yredelemnul
Zin

Shops:
D:2 (


Innate Abilities, Weirdness & Mutations

You are small and have problems with some larger weapons.
You are completely attuned to the shadows.


Message History

The wyvern zombie barely misses you.
You hit the wyvern zombie.
The wyvern zombie is lightly damaged.
The wyvern zombie misses you. The hobgoblin completely misses you.
You hit the wyvern zombie.
The wyvern zombie is moderately damaged.
The wyvern zombie bites you. The hobgoblin barely misses you.
You are too injured to fight recklessly!
You puncture the wyvern zombie!
The wyvern zombie is heavily damaged.
The wyvern zombie misses you. The hobgoblin hits you.
The wyvern zombie closely misses you.
You hit the wyvern zombie.
The wyvern zombie is severely damaged.
The wyvern zombie closely misses you.
You barely miss the wyvern zombie.
The wyvern zombie is severely damaged.
The hobgoblin barely misses you. The wyvern zombie bites you!
* * * LOW HITPOINT WARNING * * *
You hit the wyvern zombie but do no damage.
You punch the wyvern zombie.
The wyvern zombie is severely damaged.
The hobgoblin misses you.
The wyvern zombie completely misses you.
You hit the wyvern zombie.
The wyvern zombie is severely damaged.
The hobgoblin barely misses you. The wyvern zombie misses you.
You feel better.
The wyvern zombie bites you but does no damage.
The hobgoblin closely misses you.
You completely miss the wyvern zombie.
The wyvern zombie is severely damaged.
The wyvern zombie bites you.
* * * LOW HITPOINT WARNING * * *
The hobgoblin hits you.
* * * LOW HITPOINT WARNING * * *
You puncture the wyvern zombie!
The wyvern zombie is almost destroyed.
The wyvern zombie bites you!
You die...

.##. ..#. ...
.##g#######
....@Z....#
....#####.###########
###. ##............
#. ##.###.##.>....
##.###.## ##.#.####.
##...##.# #...# ##
........## ##.###
#...###.###.## #.#
#.).).......#


You could see a wyvern zombie and a hobgoblin.

Vanquished Creatures
  A scorpion (D:4)
  A howler monkey (D:4)
  An orc priest (D:4)
  A hound (D:4)
  Jessica (D:3)
  A hound skeleton (D:4)
  7 gnolls
  7 adders
  2 worms
  3 dart slugs
  3 orcs
  8 ball pythons
  7 endoplasms
  3 giant cockroaches (D:3)
  10 goblins
  6 hobgoblins
  6 jackals
  6 kobolds
  A quokka (D:3)
  4 bats
  3 frilled lizards
  7 rats
89 creatures vanquished.

Vanquished Creatures (others)
  A plant (D:2)
1 creature vanquished.

Grand Total: 90 creatures vanquished

Notes
Turn   | Place    | Note
-------+----------+-------------------------------------------
     0 | D:1      | cbfl8 the Kobold Brigand began the quest for the Orb.
     0 | D:1      | Reached XP level 1. HP: 12/12 MP: 1/1
   175 | D:1      | Reached XP level 2. HP: 17/17 MP: 2/2
   206 | D:1      | Reached skill level 6 in Stealth
   361 | D:1      | Reached XP level 3. HP: 21/21 MP: 3/3
   364 | D:1      | Noticed a floating eye
   365 | D:1      | Found a faded altar of an unknown god.
   365 | D:1      | Noticed a shining eye
   380 | D:1      | Noticed a shining eye
   385 | D:1      | Noticed a floating eye
   960 | D:2      | Reached XP level 4. HP: 26/26 MP: 4/4
  1051 | D:2      | Found Qiopom's Weapon Emporium.
  1101 | D:2      | Reached skill level 7 in Stealth
  1226 | D:1      | Reached skill level 1 in Evocations
  1543 | D:2      | Reached XP level 5. HP: 31/31 MP: 5/5
  1894 | D:3      | Noticed Jessica
  1898 | D:3      | Killed Jessica
  1899 | D:3      | Reached skill level 8 in Stealth
  2934 | D:3      | Found a glowing silver altar of Zin.
  2935 | D:3      | Found a basalt altar of Yredelemnul.
  3148 | D:3      | Found a sparkling altar of Nemelex Xobeh.
  3267 | D:3      | Reached XP level 6. HP: 36/36 MP: 6/6
  3930 | D:3      | Became a worshipper of Zin the Law-Giver
  3930 | D:3      | Reached * piety under Zin
  4265 | D:4      | Reached skill level 9 in Stealth
  4586 | D:4      | Reached XP level 7. HP: 40/40 MP: 7/7
  4679 | D:4      | HP: 1/40 [hobgoblin (3)]
  4680 | D:4      | Mangled by a wyvern zombie

Illustrated notes

Levels and vault maps discovered:
D:1:      lightli_iron_boxes, layout_rooms,
          hellmonk_ecumenical_altar_watching_god, minmay_hexomino_u4
D:2:      layout_loops_ring, serial_shops, nicolae_shop_bloodbath_and_beyond,
          serial_bayou_pond_c
D:3:      mumra_celtic_spiral_tile, layout_rooms,
          nemelex_xobeh_ov_fountains_minmay, minitemple, kennysheep_cross_room,
          chequers_big_river, minmay_misc_feat_roman, uniq_jessica
D:4:      layout_loops_ring, okawaru_metal_pillars_1_2,
          minmay_temple_entry_offerings

Skill      XL: |  1  2  3  4  5  6  7 |
---------------+----------------------+-----
Short Blades   | 3 4 |  4.0
Stealth        | 6 7 8 9 |  9.6
Evocations     | 1 2 |  2.4
Dodging        | 2 |  2.2
Fighting       | |  2.7
Throwing       | |  2.2
Armour         | |  0.1

Action                   |  1- 3 |  4- 6 |  7- 9 || total
-------------------------+-------+-------+-------++-------
Melee: Dagger            |    63 |   132 |    22 ||   217
       Punch             |     1 |     1 |     1 ||     3
  Use: Potion            |       |     2 |     1 ||     3
 Stab: Sleeping          |    20 |    21 |       ||    41
       Distracted        |       |     1 |       ||     1
Armor: Robe              |     7 |    17 |       ||    24
       Leather armour    |       |     6 |     3 ||     9
Dodge: Dodged            |    31 |    85 |    28 ||   144
